[Event "Titled Tuesday Blitz February 22 Late 2022"]
[White "Kostiukov, Alexandr"]
[Black "Winkels, Marcel"]
[WhiteFideId "14108100"]
[BlackFideId "1003887"]
[WhiteElo "2202"]
[BlackElo "1900"]
[Result "0-1"]
[Round "06"]
[TimeControl "180+1"]
[Date "2022.02.23"]
[WhiteClock "0:00:19"]
[BlackClock "0:00:48"]

1. e4 c5 2. Nf3 d6 3. d4 cxd4 4. Nxd4 Nf6 5. Nc3 a6 6. Be2 e5 7. Nb3 Be7 8. Rg1 b5 9. a3 Bb7 10. f3 O-O 11. g4 d5 12. g5 Nh5 13. Nxd5 Nd7 14. Be3 Rc8 15. Qd2 Bxd5 16. exd5 Nc5 17. Nxc5 Bxc5 18. O-O-O Bd6 19. Kb1 Rb8 20. Rg4 a5 21. Rh4 Nf4 22. Bxf4 exf4 23. Bd3 g6 24. Rg4 b4 25. a4 b3 26. c3 Re8 27. Bb5 Re3 28. Rf1 Qb6 29. h4 Qc5 30. h5 Rxb5 31. axb5 Qxb5 32. Qd1 Qa4 33. Kc1 Qa1+ 34. Kd2 Qxb2+ 0-1


[Site "https://www.chess.com"]

[Event "Titled Tuesday Blitz February 22 Late 2022"]
[White "Kukhmazov, Arsen"]
[Black "Ezat, Mohamed"]
[WhiteFideId "24108260"]
[BlackFideId "10600906"]
[WhiteElo "2487"]
[BlackElo "2386"]
[Result "1-0"]
[Round "06"]
[TimeControl "180+1"]
[Date "2022.02.22"]
[WhiteClock "0:02:15"]
[BlackClock "0:01:43"]

1. d4 Nf6 2. c4 g6 3. h4 Bg7 4. Nc3 d5 5. Nf3 O-O 6. cxd5 Nxd5 7. h5 c5 8. hxg6 hxg6 9. Bh6 Nc6 10. Qd2 Bf6 11. Bxf8 Kxf8 12. Qh6+ Bg7 13. Qh8+ Bxh8 14. Rxh8+ Kg7 15. Rxd8 Nxc3 16. Rxc8 Rxc8 17. bxc3 cxd4 18. Nxd4 Nxd4 19. cxd4 Rc2 20. Kd1 Rb2 21. Kc1 Rb4 22. e3 e5 23. Rb1 Ra4 24. Rxb7 Rxa2 25. Rxf7+ Kh6 26. dxe5 1-0


[Site "https://www.chess.com"]

[Event "Titled Tuesday Blitz February 22 Late 2022"]
[White "Lenderman, Aleksandr"]
[Black "Niemann, Hans Moke"]
[WhiteFideId "2021285"]
[BlackFideId "2093596"]
[WhiteElo "2651"]
[BlackElo "2636"]
[Result "1-0"]
[Round "06"]
[TimeControl "180+1"]
[Date "2022.02.22"]
[WhiteClock "0:00:04"]
[BlackClock "0:00:16"]

1. g3 d5 2. Nf3 Nc6 3. d4 Bf5 4. Bg2 e6 5. O-O Nb4 6. Na3 Nf6 7. c3 Nc6 8. Qb3 Rb8 9. Nc2 Be7 10. Ne3 Be4 11. Qd1 O-O 12. Ne5 Bxg2 13. Nxc6 bxc6 14. Nxg2 c5 15. Nf4 cxd4 16. cxd4 c5 17. dxc5 Bxc5 18. Nd3 Bb6 19. Bf4 Rc8 20. Rc1 Ne4 21. Kg2 f6 22. f3 Nd6 23. Bxd6 Qxd6 24. Qa4 Be3 25. Rc2 Rxc2 26. Qxc2 Qd7 27. b4 Rc8 28. Qb3 Qb5 29. Rb1 Qc4 30. Qxc4 Rxc4 31. a4 e5 32. Kf1 e4 33. fxe4 dxe4 34. Nc5 Bxc5 35. bxc5 Rxa4 36. Rc1 Rb4 37. c6 Rb8 38. Kf2 Rc8 39. Ke3 Kf7 40. Ra1 Rc7 41. Kd4 Ke6 42. Kc5 f5 43. Rb1 Rc8 44. Rb7 g5 45. e3 f4 46. exf4 gxf4 47. gxf4 a5 48. Rxh7 Kf5 49. c7 a4 50. Kb6 e3 51. Re7 Kxf4 52. Kb7 Rh8 53. c8=Q Rxc8 54. Kxc8 a3 55. Rf7+ Ke4 56. Re7+ Kd3 57. Rd7+ Kc3 58. Rc7+ Kd2 59. Rd7+ Kc1 60. Rc7+ Kd1 61. Rd7+ Kc2 62. Rc7+ Kd3 63. Ra7 e2 64. Rxa3+ Ke4 65. Ra1 Kf3 66. h4 Kg4 67. Re1 Kxh4 68. Rxe2 1-0


[Site "https://www.chess.com"]

[Event "Titled Tuesday Blitz February 22 Late 2022"]
[White "Levine, Joseph"]
[Black "Willathgamuwa, Kevin"]
[WhiteFideId "30940346"]
[BlackFideId "3214168"]
[WhiteElo "1802"]
[BlackElo "1943"]
[Result "0-1"]
[Round "06"]
[TimeControl "180+1"]
[Date "2022.02.23"]
[WhiteClock "0:00:01"]
[BlackClock "0:00:03"]

1. e4 g6 2. d4 Bg7 3. Nf3 c5 4. dxc5 Qa5+ 5. Bd2 Qxc5 6. Bc3 Nf6 7. Nbd2 O-O 8. Bd3 d6 9. O-O Nc6 10. h3 a6 11. Re1 b5 12. e5 dxe5 13. Nxe5 b4 14. Nxc6 bxc3 15. Nxe7+ Kh8 16. Nb3 Qc7 17. bxc3 Be6 18. Nd4 Qxe7 19. Bc4 Rfd8 20. Qf3 Rac8 21. Bxa6 Rc5 22. Nc6 Rxc6 23. Qxc6 Qa7 24. Rab1 Rd2 25. Qb6 Qxb6 26. Rxb6 h5 27. a4 Rxc2 28. c4 Nd7 29. Rc6 Bd4 30. Rf1 Nc5 31. Bb5 Nd3 32. Rd6 Bxf2+ 33. Kh1 Nf4 34. a5 h4 35. a6 Ne2 36. Rxf2 Ng3+ 37. Kh2 Rxf2 38. a7 Rf1 39. a8=Q+ Kg7 40. Rd1 Rxd1 0-1


[Site "https://www.chess.com"]

[Event "Titled Tuesday Blitz February 22 Late 2022"]
[White "Liang, Jason"]
[Black "Jarocka, Liwia"]
[WhiteFideId "30940303"]
[BlackFideId "21807558"]
[WhiteElo "1976"]
[BlackElo "1896"]
[Result "0-1"]
[Round "06"]
[TimeControl "180+1"]
[Date "2022.02.23"]
[WhiteClock "0:00:01"]
[BlackClock "0:00:16"]

1. c3 d5 2. d3 Nf6 3. g3 g6 4. Bg2 Bg7 5. Nf3 O-O 6. O-O c6 7. Qc2 Bg4 8. Nbd2 Nbd7 9. e4 e5 10. h3 Bxf3 11. Nxf3 Rc8 12. Re1 Qc7 13. a4 Rfe8 14. b4 c5 15. b5 c4 16. dxc4 dxe4 17. Nd2 Nc5 18. Ba3 b6 19. Rad1 Bf8 20. Bxc5 Qxc5 21. Nxe4 Nxe4 22. Rxe4 Bg7 23. Rd5 Qc7 24. Qd3 f5 25. Rd7 fxe4 26. Qd5+ Kh8 27. Rxc7 Rxc7 28. Bxe4 Rec8 29. Qe6 Rd8 30. Kg2 Rcd7 31. h4 Rd6 32. Qe7 Rd2 33. Qg5 R2d6 34. h5 Rf8 35. Bf3 Rdf6 36. Be4 Rxf2+ 37. Kh3 Re2 38. Qg4 Rff2 39. Qc8+ Rf8 40. Qg4 Rff2 41. Qc8+ Rf8 42. Qb7 gxh5 43. Kh4 Rh2+ 44. Kg5 h6+ 45. Kg6 Rf6# 0-1


[Site "https://www.chess.com"]

[Event "Titled Tuesday Blitz February 22 Late 2022"]
[White "Liu, Leonardo"]
[Black "Vine, Elzbieta"]
[WhiteFideId "30965780"]
[BlackFideId "1119320"]
[WhiteElo "2217"]
[BlackElo "1883"]
[Result "1-0"]
[Round "06"]
[TimeControl "180+1"]
[Date "2022.02.23"]
[WhiteClock "0:02:32"]
[BlackClock "0:01:05"]

1. e4 c5 2. Nc3 d6 3. g3 Nc6 4. Bg2 Nf6 5. d3 Bg4 6. Nge2 Qc8 7. h3 Bd7 8. Be3 g6 9. Qd2 Bg7 10. Bh6 O-O 11. Bxg7 Kxg7 12. h4 a6 13. Nf4 b5 14. h5 b4 15. Ncd5 Nxd5 16. Nxd5 c4 17. hxg6 fxg6 18. Qh6+ Kf7 19. Qxh7+ Ke8 20. Qxg6+ Kd8 21. Nb6 Qb7 22. Nxa8 cxd3 23. cxd3 Nd4 24. O-O Qxa8 25. Qg7 Ke8 26. Qxd4 Rg8 27. Qd5 1-0


[Site "https://www.chess.com"]

[Event "Titled Tuesday Blitz February 22 Late 2022"]
[White "Lopez Perdomo, Juan David"]
[Black "Qashashvili, Alexandre"]
[WhiteFideId "4405137"]
[BlackFideId "13600842"]
[WhiteElo "1997"]
[BlackElo "2316"]
[Result "0-1"]
[Round "06"]
[TimeControl "180+1"]
[Date "2022.02.23"]
[WhiteClock "0:00:05"]
[BlackClock "0:01:12"]

1. e4 c6 2. d4 d5 3. Nc3 dxe4 4. Nxe4 Nd7 5. Nf3 Ngf6 6. Bd3 Nxe4 7. Bxe4 Nf6 8. Bd3 Bg4 9. Be2 e6 10. O-O Be7 11. c3 O-O 12. Bg5 Nd5 13. Bxe7 Nxe7 14. Ng5 Bxe2 15. Qxe2 h6 16. Ne4 Nd5 17. Qf3 Nf6 18. Nxf6+ Qxf6 19. Qxf6 gxf6 20. Rfe1 f5 21. Re5 Rad8 22. Rae1 Rd5 23. Rxd5 cxd5 24. f4 Kg7 25. Kf2 Kf6 26. Re3 Rg8 27. Rg3 Rg6 28. Rh3 Ke7 29. Rh5 a6 30. Kf3 b5 31. h3 Kd6 32. g4 fxg4+ 33. hxg4 Rf6 34. f5 e5 35. dxe5+ Kxe5 36. Ke3 a5 37. Rh2 b4 38. cxb4 axb4 39. b3 Rc6 40. Kd3 Rc3+ 41. Kd2 Rg3 42. Rxh6 Rxg4 43. Rb6 Kxf5 44. Kd3 Ke5 45. Ra6 f5 46. a4 bxa3 47. Rxa3 Rg3+ 48. Kc2 Ke4 49. Ra8 Rg2+ 50. Kc3 d4+ 51. Kc4 Rc2+ 52. Kb4 d3 53. Re8+ Kf3 54. Rd8 d2 55. Ka3 f4 56. b4 Ke2 57. Re8+ Kd1 58. b5 Kc1 59. b6 d1=Q 0-1


[Site "https://www.chess.com"]

[Event "Titled Tuesday Blitz February 22 Late 2022"]
[White "Maltsevskaya, Aleksandra"]
[Black "Murzin, Volodar"]
[WhiteFideId "24174041"]
[BlackFideId "44155573"]
[WhiteElo "2283"]
[BlackElo "2585"]
[Result "1-0"]
[Round "06"]
[TimeControl "180+1"]
[Date "2022.02.23"]
[WhiteClock "0:00:21"]
[BlackClock "0:00:01"]

1. e4 c6 2. Nc3 d5 3. Nf3 Bg4 4. h3 Bxf3 5. Qxf3 e6 6. g3 g6 7. Bg2 Bg7 8. O-O Ne7 9. Rd1 O-O 10. d4 Nd7 11. Qe2 b5 12. a4 b4 13. Na2 a5 14. Bf4 Qb6 15. Be3 Nf6 16. Nc1 Nxe4 17. Bxe4 dxe4 18. d5 Qb7 19. dxe6 Nd5 20. Bd4 Bxd4 21. Rxd4 f5 22. Nb3 Qe7 23. Rdd1 Rfc8 24. Qc4 Qxe6 25. Nd4 Qf6 26. Qb3 Rd8 27. Rd2 Kh8 28. Rad1 Rac8 29. Nxc6 Qxc6 30. Rxd5 Rxd5 31. Rxd5 Qxc2 32. Rd8+ Kg7 33. Qg8+ Kh6 34. Rxc8 Qd1+ 35. Kh2 e3 36. Qf8+ Kh5 37. Qe7 exf2 38. Qh4# 1-0


[Site "https://www.chess.com"]

[Event "Titled Tuesday Blitz February 22 Late 2022"]
[White "Martin Barcelo, Carles"]
[Black "Leitao, Rafael"]
[WhiteFideId "24561444"]
[BlackFideId "2101246"]
[WhiteElo "1875"]
[BlackElo "2609"]
[Result "0-1"]
[Round "06"]
[TimeControl "180+1"]
[Date "2022.02.23"]
[WhiteClock "0:00:01"]
[BlackClock "0:00:21"]

1. e4 e5 2. Nf3 Nc6 3. Bc4 Nf6 4. d4 exd4 5. e5 Ne4 6. Qe2 Nc5 7. c3 d3 8. Qe3 Be7 9. b4 Ne6 10. Qxd3 d6 11. exd6 Qxd6 12. Qxd6 cxd6 13. O-O O-O 14. Re1 Bf6 15. Bd2 Nxb4 16. Na3 d5 17. Bb3 Nd3 18. Re3 Ndc5 19. Bxd5 Rd8 20. Bb3 Ng5 21. Be1 Nxf3+ 22. Rxf3 Nxb3 23. axb3 Be6 24. Nc4 Bxc4 25. bxc4 a6 26. Rb1 Rd7 27. Re3 Kf8 28. f3 Rc8 29. Re4 Be7 30. Bf2 Bc5 31. Bxc5+ Rxc5 32. Kf2 Rdc7 33. Rb4 a5 34. Ra4 b6 35. Ke3 f6 36. Kd3 Kf7 37. Ra1 Ra7 38. Re2 Rd7+ 39. Kc2 Rxc4 40. Rb1 Rc6 41. Re4 Rdc7 42. Rb3 f5 43. Rd4 g6 44. Kd3 Kf6 45. Rd5 Ke6 46. Rdb5 Rd7+ 47. Ke2 Rdd6 48. g3 Kd7 49. f4 Kc7 50. Re5 Re6 51. Rb5 Rxe5+ 52. Rxe5 Kd7 53. Kd3 Re6 54. Rb5 Kc6 55. Rb1 Kc5 56. c4 Re4 57. Rb5+ Kc6 58. Rb1 Re6 0-1


[Site "https://www.chess.com"]

[Event "Titled Tuesday Blitz February 22 Late 2022"]
[White "Martinez Alcantara, Jose Eduardo"]
[Black "Nakamura, Hikaru"]
[WhiteFideId "3805662"]
[BlackFideId "2016192"]
[WhiteElo "2690"]
[BlackElo "2850"]
[Result "0-1"]
[Round "06"]
[TimeControl "180+1"]
[Date "2022.02.22"]
[WhiteClock "0:00:49"]
[BlackClock "0:01:39"]

1. e4 e5 2. Nf3 Nc6 3. Bb5 Nf6 4. d3 Bc5 5. c3 d5 6. Nbd2 O-O 7. O-O dxe4 8. dxe4 a5 9. a3 Qe7 10. Rb1 Bg4 11. b4 axb4 12. axb4 Bd6 13. Qc2 Nd8 14. Be2 Bh5 15. Nc4 Nxe4 16. Qxe4 Bg6 17. Qd5 Bxb1 18. Bg5 Qe6 19. Qxe6 Nxe6 20. Nxd6 cxd6 21. Be7 Rfe8 22. Bxd6 Be4 23. Bb5 Red8 24. Be7 Bd3 25. Bxd3 Rxd3 26. c4 f6 0-1


[Site "https://www.chess.com"]

[Event "Titled Tuesday Blitz February 22 Late 2022"]
[White "Martirosyan, Haik M."]
[Black "Pichot, Alan"]
[WhiteFideId "13306553"]
[BlackFideId "110973"]
[WhiteElo "2735"]
[BlackElo "2543"]
[Result "1-0"]
[Round "06"]
[TimeControl "180+1"]
[Date "2022.02.22"]
[WhiteClock "0:01:18"]
[BlackClock "0:00:28"]

1. e4 e5 2. Nf3 Nc6 3. Bb5 a6 4. Ba4 Nf6 5. O-O Be7 6. Re1 b5 7. Bb3 O-O 8. h3 d6 9. a4 Rb8 10. axb5 axb5 11. d3 Be6 12. Bxe6 fxe6 13. Nbd2 Qe8 14. c3 Nh5 15. Nf1 Qg6 16. N1h2 Rf7 17. Ra6 Nd8 18. d4 exd4 19. cxd4 Nf4 20. Bxf4 Rxf4 21. Qc2 Rc8 22. Re3 c5 23. g3 Rf8 24. Kg2 cxd4 25. Qxc8 dxe3 26. Qd7 Bf6 27. Rxd6 Qxe4 28. fxe3 Qxe3 29. Rd2 Qc5 30. Ng4 Be7 31. Nfe5 h5 32. Ng6 hxg4 33. Nxe7+ Kh7 34. Qd3+ 1-0


[Site "https://www.chess.com"]

[Event "Titled Tuesday Blitz February 22 Late 2022"]
[White "Medeiros Jr, Francisco De Assis"]
[Black "Sargsyan, Anna M."]
[WhiteFideId "2114267"]
[BlackFideId "13308130"]
[WhiteElo "1998"]
[BlackElo "2271"]
[Result "0-1"]
[Round "06"]
[TimeControl "180+1"]
[Date "2022.02.23"]
[WhiteClock "0:00:46"]
[BlackClock "0:00:34"]

1. d4 d5 2. Nf3 Nf6 3. Bg5 Bf5 4. e3 Nbd7 5. c4 c6 6. Nc3 e6 7. Qb3 Qb6 8. c5 Qc7 9. Be2 e5 10. O-O Be7 11. Qd1 O-O 12. b4 Rae8 13. Nh4 Be6 14. Qc2 h6 15. Bxf6 Bxf6 16. Nf3 g5 17. Rfd1 Bg7 18. dxe5 Nxe5 19. Nd4 f5 20. Bd3 f4 21. Bf5 Bxf5 22. Nxf5 fxe3 23. fxe3 Ng4 24. Nd6 Rxe3 25. Rd3 Qe7 0-1


[Site "https://www.chess.com"]

[Event "Titled Tuesday Blitz February 22 Late 2022"]
[White "Mickiewicz, Piotr"]
[Black "Prohorov, Olexandr"]
[WhiteFideId "1114891"]
[BlackFideId "14105578"]
[WhiteElo "2266"]
[BlackElo "1993"]
[Result "1-0"]
[Round "06"]
[TimeControl "180+1"]
[Date "2022.02.23"]
[WhiteClock "0:00:57"]
[BlackClock "0:01:12"]

1. Nf3 g6 2. g3 Bg7 3. Bg2 f5 4. O-O Nf6 5. d3 O-O 6. b3 d6 7. Bb2 Nc6 8. Nbd2 e5 9. e4 h6 10. Re1 Be6 11. exf5 gxf5 12. d4 e4 13. Nh4 d5 14. c4 Ne7 15. Ba3 Rf7 16. Bxe7 Qxe7 17. Ng6 Qe8 18. Nf4 c6 19. Nf3 Nd7 20. cxd5 Bxd5 21. Nh4 Rd8 22. Bh3 Qe7 23. Nxf5 Rxf5 24. Bxf5 Qg5 25. Bxe4 Nf6 26. Bxd5+ Nxd5 27. Ne6 Qf6 28. Nxd8 Qxd8 29. Qg4 Qf6 30. Qe6+ 1-0


[Site "https://www.chess.com"]

[Event "Titled Tuesday Blitz February 22 Late 2022"]
[White "Migot, Tangi"]
[Black "Antonio, Jorge Carlos"]
[WhiteFideId "662445"]
[BlackFideId "113190"]
[WhiteElo "2496"]
[BlackElo "2247"]
[Result "1-0"]
[Round "06"]
[TimeControl "180+1"]
[Date "2022.02.23"]
[WhiteClock "0:00:51"]
[BlackClock "0:00:51"]

1. Nf3 d5 2. c3 c5 3. e4 dxe4 4. Ng5 Nf6 5. Nxe4 Nxe4 6. Qa4+ Nc6 7. Qxe4 e6 8. Bb5 Bd7 9. h4 Be7 10. h5 h6 11. Rh3 a6 12. Bxc6 Bxc6 13. Qg4 O-O 14. d4 cxd4 15. Bxh6 Bf6 16. Rg3 g6 17. hxg6 dxc3 18. Nxc3 Qd4 19. gxf7+ Kxf7 20. Qh5+ Ke7 21. Be3 Qc4 22. Bc5+ Kd7 23. O-O-O+ Bd5 24. Qh7+ Kc6 25. Bxf8 Rxf8 26. Kb1 Bxc3 27. Rxc3 b5 28. Rxc4+ bxc4 29. f3 Rb8 1-0


[Site "https://www.chess.com"]

[Event "Titled Tuesday Blitz February 22 Late 2022"]
[White "Mirzoev, Azer"]
[Black "Wachinger, Guenther"]
[WhiteFideId "13400304"]
[BlackFideId "4604261"]
[WhiteElo "2525"]
[BlackElo "2212"]
[Result "1-0"]
[Round "06"]
[TimeControl "180+1"]
[Date "2022.02.23"]
[WhiteClock "0:00:15"]
[BlackClock "0:00:30"]

1. c4 e6 2. Nf3 d5 3. e3 Nf6 4. d4 c6 5. b3 Bd6 6. Nbd2 O-O 7. Bb2 Nbd7 8. Bd3 b6 9. O-O Bb7 10. h3 c5 11. cxd5 exd5 12. Qe2 Re8 13. Ba6 Qc8 14. Bxb7 Qxb7 15. Rfd1 Rad8 16. Rac1 Nf8 17. dxc5 Bxc5 18. Bxf6 gxf6 19. Qd3 Ng6 20. Nf1 Qe7 21. Nd4 Qe4 22. Ng3 Qxd3 23. Rxd3 Ne5 24. Rdd1 Rc8 25. Nh5 Be7 26. Rxc8 Rxc8 27. Nf5 Bd8 28. Rxd5 Kf8 29. f4 Nc6 30. Rd7 Ne7 31. Nd6 Rc1+ 32. Kh2 Bc7 33. Nxf6 Bxd6 34. Rxd6 Nf5 35. Rd3 Rc2 36. e4 Nh4 37. Rg3 Rxa2 38. Nxh7+ Ke7 39. f5 a5 40. Rg4 Nf3+ 41. Kg3 Ne1 42. Kf4 Rxg2 43. Rxg2 Nxg2+ 44. Ke5 b5 45. f6+ Ke8 46. Kd4 Nf4 47. h4 Ne6+ 48. Kc3 Nc5 49. Ng5 Kf8 50. h5 Kg8 51. h6 Nd7 52. Nxf7 Kxf7 53. h7 Nxf6 54. h8=Q Nxe4+ 55. Kb2 1-0


[Site "https://www.chess.com"]

[Event "Titled Tuesday Blitz February 22 Late 2022"]
[White "Moroni, Luca Jr"]
[Black "Pakleza, Zbigniew"]
[WhiteFideId "865834"]
[BlackFideId "1119290"]
[WhiteElo "2573"]
[BlackElo "2467"]
[Result "1-0"]
[Round "06"]
[TimeControl "180+1"]
[Date "2022.02.22"]
[WhiteClock "0:00:14"]
[BlackClock "0:00:05"]

1. d4 d6 2. e4 Nf6 3. Nc3 c6 4. Nf3 Bg4 5. Be3 e6 6. h3 Bh5 7. Qe2 d5 8. Bg5 Be7 9. O-O-O Nxe4 10. Nxe4 dxe4 11. Bxe7 exf3 12. Qe5 Qxe7 13. Qxh5 fxg2 14. Bxg2 Nd7 15. Rhe1 O-O-O 16. Re3 Nb6 17. Ra3 a6 18. Rb3 Nd5 19. Bh1 g6 20. Qe2 Qc7 21. c4 Nf4 22. Qe3 Rd7 23. Kb1 Rhd8 24. a3 Kb8 25. Ka2 Ka8 26. Qe4 f5 27. Qe3 e5 28. d5 cxd5 29. cxd5 Nxd5 30. Bxd5 Rxd5 31. Rc1 Qf7 32. Qb6 Rd3 33. Rc3 R3d6 34. Qa5 e4 35. Rc7 Rb8 36. Rxf7 1-0


[Site "https://www.chess.com"]

[Event "Titled Tuesday Blitz February 22 Late 2022"]
[White "Moskvin, Anatoly"]
[Black "Kujawski, Adam"]
[WhiteFideId "24199990"]
[BlackFideId "1100920"]
[WhiteElo "2079"]
[BlackElo "2053"]
[Result "1-0"]
[Round "06"]
[TimeControl "180+1"]
[Date "2022.02.23"]
[WhiteClock "0:00:09"]
[BlackClock "0:00:03"]

1. e4 e5 2. Nf3 Nc6 3. Bc4 Nf6 4. d3 d5 5. exd5 Nxd5 6. O-O Nb6 7. Bb3 Bg4 8. Re1 Qe7 9. h3 Bh5 10. c3 O-O-O 11. a4 a5 12. Be3 Nd5 13. Nbd2 f6 14. d4 Kb8 15. dxe5 Nxe3 16. Rxe3 Nxe5 17. g4 Be8 18. Nxe5 fxe5 19. Qe2 Bc6 20. Nc4 Qh4 21. Nxa5 Bc5 22. Nxc6+ bxc6 23. Rf3 Rhf8 24. Rf1 Rxf3 25. Qxf3 Rf8 26. Qg2 e4 27. Kh1 Bxf2 28. a5 e3 29. Bc4 Qg5 30. Kh2 Qxa5 31. Qxc6 Qb6 32. Qxb6+ cxb6 33. Kg2 Kc7 34. Bd3 Kd6 35. Bxh7 Ke5 36. Bd3 Rd8 37. Bc4 Rd2 38. b3 Bh4+ 39. Kf3 Bf2 40. Be2 Rb2 41. b4 Rc2 42. c4 Rb2 43. b5 Kd4 44. Rd1+ Kc3 45. Rd7 Rb1 46. Rxg7 Rg1 47. g5 Rg3+ 48. Ke4 Kd2 49. Bg4 e2 50. Rd7+ Kc2 51. Bxe2 Rxg5 52. Kf4 Rg1 53. h4 Bc5 54. h5 Re1 55. Bf3 Rf1 56. Kg4 Rg1+ 57. Kf5 Rg7 58. Rxg7 1-0


[Site "https://www.chess.com"]

[Event "Titled Tuesday Blitz February 22 Late 2022"]
[White "Munoz, Francisco Javier"]
[Black "Myers, Dominique"]
[WhiteFideId "128368"]
[BlackFideId "2041715"]
[WhiteElo "2383"]
[BlackElo "1986"]
[Result "0-1"]
[Round "06"]
[TimeControl "180+1"]
[Date "2022.02.23"]
[WhiteClock "0:00:02"]
[BlackClock "0:01:10"]

1. e4 e5 2. Nf3 Nc6 3. Bc4 Nf6 4. d3 Bc5 5. O-O d6 6. c3 a6 7. a4 Ba7 8. b4 h6 9. a5 O-O 10. Nbd2 Ne7 11. Ba3 Ng6 12. Qb3 Nh5 13. d4 Nhf4 14. Kh1 Qf6 15. dxe5 dxe5 16. b5 axb5 17. Qxb5 Rd8 18. Bc5 Bxc5 19. Qxc5 b6 20. Qxc7 bxa5 21. Bxf7+ Kh7 22. Bxg6+ Nxg6 23. Rxa5 Rxa5 24. Qxa5 Ba6 25. Rb1 Be2 26. Qc5 Nf4 27. g3 Nd3 28. Qe3 Bxf3+ 29. Nxf3 Nc5 30. Kg2 Rd3 31. Qe2 Rxc3 32. Rb8 Ne6 33. Ng1 Qg6 34. Kh1 Rc1 0-1


[Site "https://www.chess.com"]

[Event "Titled Tuesday Blitz February 22 Late 2022"]
[White "Muradli, Mahammad"]
[Black "Jaferian, Koosha"]
[WhiteFideId "13409301"]
[BlackFideId "12507440"]
[WhiteElo "2645"]
[BlackElo "2027"]
[Result "1-0"]
[Round "06"]
[TimeControl "180+1"]
[Date "2022.02.22"]
[WhiteClock "0:01:26"]
[BlackClock "0:00:03"]

1. Nf3 d5 2. g3 g6 3. Bg2 Bg7 4. O-O e5 5. c4 c6 6. Nc3 Ne7 7. d3 O-O 8. Bg5 Be6 9. Bxe7 Qxe7 10. cxd5 cxd5 11. Nd2 Rd8 12. e4 d4 13. Nd5 Qd7 14. Rc1 Nc6 15. Nb3 Qd6 16. Nc5 Rab8 17. Qa4 Rdc8 18. Rc2 b5 19. Qa6 Bf8 20. Nb7 Rxb7 21. Qxb7 a6 22. Rfc1 Na5 23. Qxc8 Bxc8 24. Rxc8 Kg7 25. Bh3 h5 26. R1c7 h4 27. Rd7 1-0


[Site "https://www.chess.com"]

[Event "Titled Tuesday Blitz February 22 Late 2022"]
[White "Naroditsky, Daniel"]
[Black "Dreev, Aleksey"]
[WhiteFideId "2026961"]
[BlackFideId "4100107"]
[WhiteElo "2608"]
[BlackElo "2636"]
[Result "1-0"]
[Round "06"]
[TimeControl "180+1"]
[Date "2022.02.22"]
[WhiteClock "0:00:03"]
[BlackClock "0:00:02"]

1. d4 d5 2. Nc3 c6 3. Bf4 Nf6 4. e3 g6 5. h4 Bg7 6. h5 Nxh5 7. Rxh5 gxh5 8. Qxh5 Nd7 9. Nf3 Nf6 10. Qh4 Bf5 11. O-O-O h5 12. Ne5 Rg8 13. f3 Be6 14. Bd3 Nd7 15. Nxd7 Qxd7 16. Kb1 Bf5 17. e4 Bg6 18. Qf2 dxe4 19. Bxe4 Bxe4 20. fxe4 e5 21. dxe5 Qg4 22. a3 Bf8 23. g3 Be7 24. Rd3 b6 25. Ne2 Rd8 26. Rxd8+ Bxd8 27. Nd4 h4 28. gxh4 Bxh4 29. Qd2 Qd7 30. Qe3 Rg2 31. Ka2 Bf2 32. Qf3 Bxd4 33. Qxg2 Qe6+ 34. Kb1 Bxe5 35. Qg8+ Ke7 36. Qg5+ f6 37. Qg7+ Qf7 38. Qg3 Kd6 39. Qd3+ Kc7 40. Qg3 Qe7 41. Kc1 Kd6 42. Qd3+ Kc7 43. Qg3 Qd6 44. Qg7+ Kb8 45. Qg8+ Kb7 46. Qf7+ Ka6 47. Be3 Bf4 48. Qc4+ b5 49. Qc3 1-0


[Site "https://www.chess.com"]

[Event "Titled Tuesday Blitz February 22 Late 2022"]
[White "Papp, Levente"]
[Black "Debray, Christopher"]
[WhiteFideId "751243"]
[BlackFideId "630810"]
[WhiteElo "2308"]
[BlackElo "2369"]
[Result "0-1"]
[Round "06"]
[TimeControl "180+1"]
[Date "2022.02.23"]
[WhiteClock "0:01:36"]
[BlackClock "0:02:10"]

1. c4 g6 2. g3 Bg7 3. Bg2 d6 4. Nc3 e5 5. e3 Nd7 6. Nge2 Ne7 7. O-O O-O 8. d4 c6 9. b4 exd4 10. exd4 Nb6 11. c5 dxc5 12. bxc5 Nbd5 13. Nxd5 Nxd5 14. Rb1 Re8 15. Qd2 Rxe2 16. Qxe2 Nc3 17. Bg5 Nxe2+ 0-1


[Site "https://www.chess.com"]

[Event "Titled Tuesday Blitz February 22 Late 2022"]
[White "Perez Gormaz, Matias"]
[Black "Novikov, Evgenij"]
[WhiteFideId "3406342"]
[BlackFideId "4125380"]
[WhiteElo "2352"]
[BlackElo "2242"]
[Result "1-0"]
[Round "06"]
[TimeControl "180+1"]
[Date "2022.02.23"]
[WhiteClock "0:00:42"]
[BlackClock "0:00:03"]

1. e4 c6 2. Nc3 d5 3. Nf3 Bg4 4. h3 Bxf3 5. Qxf3 e6 6. g3 Nf6 7. Bg2 dxe4 8. Nxe4 Nxe4 9. Qxe4 Qd5 10. d4 Nd7 11. O-O Qxe4 12. Bxe4 Nf6 13. Bg2 Bd6 14. c3 O-O-O 15. a4 a5 16. Re1 Rhe8 17. Be3 Kc7 18. f4 Nd5 19. Bf2 Nb6 20. b3 h6 21. c4 Bb4 22. Red1 Nd7 23. h4 Nf6 24. Bf3 h5 25. Kg2 g6 26. Rac1 b6 27. Kf1 Rd7 28. Rd3 Red8 29. Rcd1 Ng4 30. Bg1 Bf8 31. Ke2 Bg7 32. d5 exd5 33. cxd5 c5 34. d6+ Rxd6 35. Rxd6 Rxd6 36. Bd5 Bd4 37. Bxf7 Nh6 38. Bc4 Nf5 39. Bxd4 cxd4 40. Kf3 Ne3 41. Rc1 Rc6 42. Ke4 Nf5 43. Rg1 Kd6 44. Bf7 Kc5 45. Bxg6 Nd6+ 46. Kd3 Kd5 47. Bh7 Rc3+ 48. Kd2 Ne4+ 49. Bxe4+ Kxe4 50. Re1+ Kf3 51. f5 Re3 52. Rxe3+ dxe3+ 53. Ke1 Kxg3 54. f6 Kxh4 55. f7 Kg3 56. f8=Q 1-0


[Site "https://www.chess.com"]

[Event "Titled Tuesday Blitz February 22 Late 2022"]
[White "Pesotskiy, Mikhail"]
[Black "Lopez Del Alamo, Antonio"]
[WhiteFideId "34164453"]
[BlackFideId "2227339"]
[WhiteElo "2010"]
[BlackElo "2082"]
[Result "0-1"]
[Round "06"]
[TimeControl "180+1"]
[Date "2022.02.23"]
[WhiteClock "0:00:04"]
[BlackClock "0:00:36"]

1. d4 Nf6 2. c4 g6 3. Nc3 Bg7 4. e4 d6 5. f3 O-O 6. Be3 b6 7. Bd3 a6 8. Nge2 c5 9. O-O cxd4 10. Nxd4 Bb7 11. Rc1 e6 12. Qd2 Qc7 13. Rfd1 Re8 14. Bf1 Nbd7 15. Nc2 Bf8 16. Bf4 Ne5 17. b3 Rac8 18. Be3 b5 19. Bd4 bxc4 20. Bxe5 dxe5 21. Bxc4 Bc5+ 22. Kh1 Kg7 23. Qe2 h5 24. Bxa6 h4 25. Bxb7 Qxb7 26. Ne3 Nh5 27. Nc4 Rh8 28. Ne3 Ng3+ 29. hxg3 hxg3+ 30. Kg1 Qe7 0-1


[Site "https://www.chess.com"]

[Event "Titled Tuesday Blitz February 22 Late 2022"]
[White "Peterson, Eric"]
[Black "Baches Garcia, Guillermo"]
[WhiteFideId "14908395"]
[BlackFideId "2209764"]
[WhiteElo "2195"]
[BlackElo "2393"]
[Result "0-1"]
[Round "06"]
[TimeControl "180+1"]
[Date "2022.02.23"]
[WhiteClock "0:00:02"]
[BlackClock "0:00:14"]

1. e4 c5 2. d4 cxd4 3. c3 dxc3 4. Nxc3 Nc6 5. Nf3 e6 6. Bc4 a6 7. O-O Nge7 8. Bg5 h6 9. Be3 Ng6 10. Nd4 Be7 11. f4 O-O 12. Bb3 b5 13. f5 Nge5 14. Nxc6 dxc6 15. fxe6 Bxe6 16. Bxe6 fxe6 17. Qh5 Bf6 18. Rad1 Qe7 19. Bd4 Nc4 20. Bc5 Qf7 21. Qg4 Rfd8 22. Kh1 Rxd1 23. Rxd1 Bxc3 24. bxc3 Kh7 25. h4 Qg6 26. Qf4 e5 27. Qf3 h5 28. Rd7 Re8 29. Be7 Nd2 30. Qf5 Nxe4 31. Qxg6+ Kxg6 32. Rc7 Kf5 33. Bg5 Nxg5 34. hxg5 e4 35. Kg1 e3 36. Kf1 Re6 37. Ke2 Kxg5 38. Rxg7+ Kf4 39. Rg8 Ke4 40. Rg5 h4 41. Rg4+ Kd5 42. Rxh4 c5 43. Rg4 a5 44. Rf4 b4 45. cxb4 axb4 46. Rg4 c4 0-1


[Site "https://www.chess.com"]